 Dungeon Crawl Stone Soup version 0.18-a0-1799-g6250cb2 (webtiles) character file.

26 macross the Sneak (level 2, -1/13 HPs)
             Began as a Spriggan Enchanter on Apr 23, 2016.
             Killed from afar by a dart slug (4 damage)
             ... with a slug dart
             ... on level 1 of the Dungeon.
             The game lasted 00:01:38 (621 turns).

macross the Sneak (Spriggan Enchanter)               Turns: 621, Time: 00:01:38

Health: -1/13      AC:  3    Str:  4    XL:     2   Next: 89%
Magic:  5/6        EV: 18    Int: 16    God:
Gold:   51         SH:  0    Dex: 16    Spells: 1 memorised, 5 levels left

rFire  . . .     SeeInvis +     a - +1 dagger
rCold  . . .     Gourm    .     b - +1 robe
rNeg   . . .     Faith    .     (shield restricted)
rPois  .         Spirit   .     (helmet restricted)
rElec  .         Dismiss  .     (no cloak)
rCorr  .         Reflect  .     (gloves unavailable)
SustAt .         Harm     .     (boots unavailable)
MR     .....                    (no amulet)
Stlth  +++.......               (no ring)
                                (no ring)

@: very quick, not resistant to hostile enchantments, fairly stealthy
A: unfitting armour, see invisible, herbivore 3, speed 3, slow metabolism 2
a: no special abilities


You were on level 1 of the Dungeon.
You were not hungry.

You visited 1 branch of the dungeon, and saw 1 of its levels.

You collected 51 gold pieces.

Inventory:

Hand Weapons
 a - a +1 dagger (weapon)
Armour
 b - a +1 robe (worn)
Scrolls
 e - a scroll of random uselessness {unknown}
Potions
 f - a potion of flight {unknown}
 g - 2 potions of heal wounds {unknown}
 h - a potion of curing {unknown}
Books
 c - a book of Maledictions

   Spells                             Type                      Level
   a - Corona                         Hexes                        1
   b - Ensorcelled Hibernation        Hexes/Ice                    2
   c - Confuse                        Hexes                        3
   d - Tukima's Dance                 Hexes                        3
   e - Dazzling Spray                 Conjuration/Hexes            3
Comestibles
 d - 3 bread rations


   Skills:
 * Level 1.8 Short Blades
 + Level 3.3 Dodging
 * Level 5.1 Stealth
 + Level 2.6 Spellcasting
 + Level 4.1 Hexes


You had 5 spell levels left.
You knew the following spells:

 Your Spells              Type           Power        Failure   Level  Hunger
a - Corona                Hex            ###....      4%          1    #......


Dungeon Overview and Level Annotations

Branches:
Dungeon (1/15)

Altars:
The Shining One


Innate Abilities, Weirdness & Mutations

You are tiny and cannot use many weapons and most armour.
You have supernaturally acute eyesight.
You are a herbivore.
You cover ground extremely quickly.
You need consume almost no food.


Message History

The dart slug is heavily wounded.
The dart slug bites you but does no damage.
You hit the dart slug but do no damage.
The dart slug is heavily wounded.
The dart slug bites you.
* * * LOW HITPOINT WARNING * * *
You are too injured to fight recklessly!
You are too injured to fight recklessly!
You are too injured to fight recklessly!
You are too injured to fight recklessly!
You are too injured to fight recklessly!
Casting: Corona
Confirm with . or Enter, or press ? or * to list all spells.
Aiming: Corona
Press: ? - help, Shift-Dir - straight line, f - dart slug
Aim: a dart slug (heavily wounded, chance to defeat MR: 84%)
The dart slug is outlined in light.
The dart slug launches a dart at you. The slug dart hits you!
You die...

...♣.♣.♣.♣....#.........
.............#.........
#.♣.♣.♣.♣....#...#....)
##+#................#.....
.......♣.♣....##..........
.......#......##......s...
..............##......#...
..............####....#...
♣.♣.....@..$.####K..###..
...'#.w.#..........## ##.
♣.♣..)............##...##
#......[..........##..#..#
#.........####...##..#.#..
#..............### .#._.#.
####.............##..#.#..
#..............#+..#..#
#....###........##...##


You could see a dart slug.

Vanquished Creatures
  A giant gecko (D:1)
  A ball python (D:1)
  2 giant cockroaches (D:1)
  5 goblins (D:1)
  5 hobgoblins (D:1)
  4 bats (D:1)
  3 kobolds (D:1)
  2 rats (D:1)
23 creatures vanquished.

Notes
Turn   | Place    | Note
--------------------------------------------------------------
     0 | D:1      | macross the Spriggan Enchanter began the quest for the Orb.
     0 | D:1      | Reached XP level 1. HP: 9/9 MP: 5/5
    95 | D:1      | Reached XP level 2. HP: 10/13 MP: 6/6
   196 | D:1      | Found a glowing golden altar of the Shining One.
   457 | D:1      | Reached skill level 5 in Stealth
   621 | D:1      | Killed from afar by a dart slug

Vault maps used:
D:1:      scummos_arrival_forest, serial_forest, infiniplex_forest_lined_2,
          infiniplex_forest_lined_2, infiniplex_forest_lined_4_way,
          infiniplex_forest_clump_small, infiniplex_forest_lined_corner,
          infiniplex_forest_straight_2, infiniplex_forest_end_2, tso_metal_star

Skill      XL: |  1  2 |
---------------+-------+-----
Stealth        | 5 |  5.1
Hexes          | 4 |  4.1
Short Blades   | |  1.8
Dodging        | |  3.3
Spellcasting   | |  2.6

Action                   || total
-------------------------++-------
Melee: Dagger            ||   103
 Cast: Corona            ||     1
 Stab: Sleeping          ||     6
Armor: Robe              ||    18
Dodge: Dodged            ||    95
